 Dungeon Crawl Stone Soup version 0.26-a0-466-g989023bd0d (webtiles) character file.

Game seed: 16772754561274828647

116 HoaS the Ruffian (level 5, 0/41 HPs)
             Began as a Ghoul Gladiator on Aug 13, 2020.
             Slain by Sigmund
             ... wielding a +0 scythe
              (8 damage)
             ... on level 3 of the Dungeon.
             The game lasted 00:03:31 (1702 turns).

HoaS the Ruffian (Ghoul Gladiator)                  Turns: 1702, Time: 00:03:31

Health: 0/41       AC:  9    Str: 19    XL:     5   Next: 1%
Magic:  4/4        EV:  8    Int:  3    God:
Gold:   162        SH:  0    Dex: 10    Spells: 4/4 levels left

rFire    . . .     SeeInvis .     - Unarmed
rCold    + . .     Faith    .   (no shield)
rNeg     + + +     Spirit   .   h - +0 chain mail
rPois    ∞         Reflect  .   b - +0 helmet
rElec    .         Harm     .   (no cloak)
rCorr    .                      (no gloves)
MR       .....                  (no boots)
Stlth    ..........             (no amulet)
HPRegen  0.00/turn              (no ring)
MPRegen  0.09/turn              (no ring)

@: no status effects
A: rotting body, claws 1, cold resistance 1, negative energy resistance 3,
inhibited regeneration, torment resistance, unbreathing
a: no special abilities


You were on level 3 of the Dungeon.
You visited 1 branch of the dungeon, and saw 3 of its levels.

You collected 162 gold pieces.

Inventory:

Missiles
 c - 3 throwing nets (quivered)
 d - 18 poisoned darts
 l - 7 javelins
 r - 6 curare-tipped darts
Armour
 b - a +0 helmet (worn)
 h - a +0 chain mail (worn)
Scrolls
 e - 2 scrolls of teleportation
 i - a scroll of identify
 k - 2 scrolls of remove curse {unknown}
 n - a scroll of magic mapping {unknown}
 o - a scroll of blinking {unknown}
 p - a scroll of amnesia {unknown}
 q - a scroll of enchant armour {unknown}
Potions
 a - a potion of brilliance {unknown}
 f - a potion of flight
 g - 3 potions of stabbing {unknown}
 j - 3 potions of curing {unknown}
 m - a potion of cancellation {unknown}
 s - a potion of degeneration {unknown}


   Skills:
 - Level 2.1 Fighting
 - Level 1.7 Throwing
 - Level 2.6 Dodging
 + Level 6.1 Unarmed Combat


You had 4 spell levels left.
You didn't know any spells.
Your spell library was empty.

Dungeon Overview and Level Annotations

Branches:
Dungeon (3/15)

Altars:
Okawaru
The Shining One

Annotations:
D:3 Sigmund


Innate Abilities, Weirdness & Mutations

Your body is rotting away.
You thrive by killing the living.
You are immune to poison.
You have sharp fingernails.
Your flesh is cold resistant. (rC+)
You are immune to negative energy. (rN+++)
You do not regenerate when monsters are visible.
You are immune to unholy pain and torment.
You can survive without breathing.


Message History

You miss something. Something hits you but does no damage.
The orc hits you but does no damage.
You closely miss something.
An orc comes into view. It is wielding a +0 trident.
Something hits you.
The orc shouts!
You claw something! The orc hits you but does no damage.
You closely miss something. The orc hits you but does no damage.
Something hits you.
You closely miss something. The orc hits you but does no damage.
You closely miss something. Something hits you.
* * * LOW HITPOINT WARNING * * *
A kobold comes into view. It is wielding a +0 dagger.
The orc hits you but does no damage.
The kobold shouts!
You scratch something but do no damage. Something hits you but does no damage.
You completely miss something. The orc hits you but does no damage.
You miss something. The orc closely misses you.
The orc hits you but does no damage. Something hits you!
You die...

# ########## #.#.###
#.....<..#
.......####.######.#
#.....{@....# #.#
....<.o###..# #.#
#...##o
#..######.#### #..
#. #........#...# .
#. ###.#####.##.# #K
#.# #.# # .. #.# #.#
.( #.# #.# #.# #.#


You could see 2 orcs and a kobold.

Vanquished Creatures
  4 adders
  A dart slug (D:1)
  4 worms (D:2)
  A leopard gecko (D:2)
  8 bats
  5 giant cockroaches
  12 goblins
  8 hobgoblins
  5 jackals (D:2)
  A quokka (D:2)
  2 ball pythons (D:2)
  2 frilled lizards
  6 kobolds
  8 rats
67 creatures vanquished.

Notes
Turn   | Place    | Note
-------+----------+-------------------------------------------
     0 | D:1      | HoaS the Ghoul Gladiator began the quest for the Orb.
     0 | D:1      | Reached XP level 1. HP: 17/17 MP: 0/0
    66 | D:1      | Reached XP level 2. HP: 24/24 MP: 1/1
   127 | D:1      | Reached skill level 4 in Unarmed Combat
   353 | D:1      | Reached XP level 3. HP: 28/29 MP: 2/2
   517 | D:1      | Found a glowing golden altar of the Shining One.
   766 | D:2      | Found an iron altar of Okawaru.
   828 | D:2      | Reached skill level 5 in Unarmed Combat
   970 | D:2      | Reached XP level 4. HP: 34/36 MP: 3/3
  1673 | D:3      | Noticed Sigmund
  1681 | D:3      | Reached skill level 6 in Unarmed Combat
  1681 | D:3      | Reached XP level 5. HP: 35/41 MP: 4/4
  1702 | D:3      | Slain by Sigmund

Illustrated notes

Levels and vault maps discovered:
D:1:      sevenhm_arrival_forest_fort_small_3, layout_rooms, amethyst_killhole,
          tso_altar
D:2:      minmay_razor_zed, layout_loops_ring, st_stairs_14,
          okawaru_metal_pillars_3
D:3:      minmay_door_path, layout_loops_ring, nicolae_overflow_crystal_walls,
          uniq_grinder, uniq_sigmund, uniq_terence

Skill      XL: |  1  2  3  4 |
---------------+-------------+-----
Unarmed Combat | 4 5 6 |  6.1
Fighting       | |  2.1
Throwing       | |  1.7
Dodging        | |  2.6

Action                   |  1- 3 |  4- 6 || total
-------------------------+-------+-------++-------
Melee: Unarmed           |   138 |   107 ||   245
       Punch             |       |     2 ||     2
  Use: Scroll            |     6 |       ||     6
Armor: Leather armour    |    38 |       ||    38
       Chain mail        |    45 |    60 ||   105
Dodge: Dodged            |    89 |    30 ||   119

Table legend: (Time is in decaauts)
 A = Elapsed time spent in this place.
 B = Non-inter-level travel time spent in this place.
 C = Inter-level travel time spent in this place.
 D = Time resting spent in this place.
 E = Time spent auto-exploring this place.
 F = Levels seen in this place.
 G = Mean time per level.
                   A        B        C        D        E       F      G
               +--------+--------+--------+--------+--------+-----+--------+
         Total |   1678 |   1622 |     56 |    214 |    975 |   3 |  559.3 |
       Dungeon |   1678 |   1622 |     56 |    214 |    975 |   3 |  559.3 |
               +--------+--------+--------+--------+--------+-----+--------+

Top non-repeatable levels by time:
     D:2: 1075 daAuts
     D:1: 560 daAuts
     D:3: 42 daAuts
